Map: Nightshade LE

Players

Rekindle - Winner!

  • Race: Terran Terran
  • League: Silver
  • Spawn Location: 11:00

antagomiR

  • Race: Protoss Protoss
  • League: Gold
  • Spawn Location: 5:00

VOD

Have the link to the VOD?

Description

Time

  • Played on: April 12, 2020, 1:55 p.m.
  • Length: 23:15
Show
View Real Time Build Order
Export as new Build Order

Rekindle Terran - Winner!

Build Orders:  

Get SALT Encoding   

  12  0:03  SCV  
  13  0:20  Supply Depot  
  13  0:30  SCV  
  13  0:31  Supply Depot  
  14  0:43  Barracks  
  14  1:05  SCV  
  15  1:12  Barracks  
  15  1:17  SCV  
  16  1:21  Barracks  
  16  1:29  SCV  
  16  1:31  Marine  
  18  1:41  SCV  
  19  1:53  SCV  
  20  2:01  Marine  
  21  2:05  SCV  
  21  2:08  Marine, Barracks  
  23  2:09  Marine  
  24  2:17  SCV  
  25  2:29  Supply Depot  
  25  2:31  Engineering Bay  
  25  2:33  Supply Depot  
  25  2:35  SCV  
  26  2:40  Marine  
  26  2:41  Marine  
  28  2:44  Marine  
  29  2:51  SCV  
  29  2:56  Marine  
  31  3:00  Marine  
  31  3:02  Marine  
  31  3:03  SCV  
  31  3:04  Marine  
  35  3:14  Marine  
  35  3:18  Marine  
  35  3:19  Marine  
  38  3:33  Marine x2  
  38  3:45  Command Center  
  38  3:48  Marine  
  38  3:57  Supply Depot  
  38  4:01  Marine  
  38  4:02  Marine x2  
  41  4:09  Marine  
  42  4:19  Marine  
  42  4:20  Marine x2  
  45  4:27  Marine  
  43  4:37  Marine  
  43  4:38  Marine x2  
  43  4:45  Marine  
  39  4:55  Marine x2  
  39  4:56  Marine  
  40  5:03  Marine, SCV  
  42  5:07  SCV  
  42  5:13  Marine x2, Supply Depot  
  45  5:14  Marine  
  45  5:15  SCV  
  45  5:16  Refinery  
  45  5:19  Refinery  
  45  5:21  Marine  
  48  5:31  Marine x2, Orbital Command  
  48  5:32  Marine  
  48  5:33  SCV  
  52  5:38  Marine  
  55  5:50  Marine  
  55  5:51  Missile Turret  
  55  5:54  Barracks Tech Lab  
  55  5:55  Barracks Tech Lab  
  55  5:56  Marine  
  55  5:57  SCV  
  55  6:02  SCV  
  57  6:09  SCV  
  58  6:14  SCV  
  56  6:21  SCV  
  54  6:26  SCV  
  54  6:30  Marine  
  50  6:37  Marine x2  
  50  6:39  Planetary Fortress  
  51  6:45  Missile Turret  
  51  6:47  Marine  
  51  6:48  Marine  
  51  6:52  SCV  
  54  6:55  Refinery  
  54  7:02  Marine  
  54  7:03  Marine, Command Center  
  54  7:04  SCV, Marine  
  58  7:12  Factory  
  58  7:19  Marine  
  59  7:27  Marine  
  59  7:28  Marine  
  61  7:34  SCV  
  62  7:38  Missile Turret  
  62  7:39  SCV, Missile Turret  
  63  7:44  Combat Shield  
  63  7:47  SCV  
  63  7:49  Stimpack  
  64  7:52  SCV, Terran Infantry Weapons Level 1  
  65  7:59  SCV  
  65  8:01  Engineering Bay  
  65  8:03  Marauder  
  65  8:04  SCV  
  65  8:05  Factory Tech Lab  
  69  8:11  SCV  
  69  8:12  Starport  
  70  8:15  Marauder  
  70  8:16  SCV  
  70  8:17  Missile Turret  
  73  8:23  SCV  
  74  8:28  SCV  
  74  8:29  Marine x3  
  78  8:34  Terran Infantry Armor Level 1  
  78  8:35  SCV  
  78  8:40  SCV, Armory  
  80  8:46  Refinery  
  80  8:52  SCV  
  80  8:53  SCV  
  80  8:55  SCV, Refinery  
  83  9:03  Concussive Shells, Siege Tank  
  83  9:04  SCV  
  83  9:05  SCV, Starport Tech Lab  
  88  9:13  SCV  
  88  9:14  Factory  
  88  9:16  SCV  
  90  9:17  SCV  
  91  9:25  SCV  
  91  9:27  Supply Depot  
  91  9:28  SCV  
  93  9:32  Missile Turret  
  93  9:34  Supply Depot, Terran Vehicle Weapons Level 1  
  93  9:36  Missile Turret  
  93  9:49  SCV x2, Supply Depot  
  93  9:51  Supply Depot  
  95  9:56  Supply Depot  
  95  10:01  SCV, Refinery  
  95  10:02  Planetary Fortress  
  95  10:06  Missile Turret  
  96  10:08  Terran Infantry Weapons Level 2  
  96  10:11  Marauder  
  96  10:13  SCV  
  99  10:15  Marauder  
  99  10:19  Factory Tech Lab  
  101  10:22  Siege Tank  
  101  10:25  SCV  
  105  10:37  SCV  
  105  10:39  Siege Tank  
  109  10:52  Command Center  
  109  10:54  Siege Tank  
  112  10:58  Barracks  
  112  11:00  Barracks  
  112  11:01  Missile Turret  
  112  11:05  Supply Depot  
  112  11:07  Supply Depot  
  112  11:08  Supply Depot  
  112  11:16  Raven  
  118  11:18  Marauder x2  
  118  11:19  Marine  
  118  11:20  Marine  
  118  11:34  Siege Tank  
  118  11:35  Siege Tank  
  118  11:37  Marine  
  118  11:38  Marine  
  118  11:39  Missile Turret  
  130  11:40  Marauder x2  
  130  11:49  Terran Vehicle Weapons Level 2  
  130  11:52  Command Center  
  134  12:01  Marauder x2  
  134  12:02  Raven  
  134  12:03  Marine, Missile Turret  
  137  12:21  Missile Turret  
  137  12:22  Marine x2, Marauder  
  124  12:23  Marauder  
  113  12:40  Marine x2  
  113  12:44  Marauder x2  
  109  12:48  Siege Tank  
  104  12:58  Marine x2  
  104  13:01  Command Center  
  104  13:05  Marauder x2, Orbital Command  
  108  13:09  Barracks  
  108  13:13  Barracks  
  108  13:15  Marine  
  108  13:16  Marine  
  108  13:17  Barracks  
  110  13:21  Planetary Fortress  
  110  13:26  Marauder  
  114  13:27  Marauder  
  114  13:33  Marine x2  
  116  13:41  Siege Tank x2  
  119  13:48  Marauder x2  
  126  13:51  Marine x2  
  128  14:00  Marine  
  129  14:09  Marine x4  
  133  14:10  Barracks  
  133  14:13  Command Center, Siege Tank  
  133  14:16  Siege Tank  
  139  14:17  Marine  
  139  14:27  Marine x2, Marauder x2  
  145  14:33  Marine  
  145  14:35  Marine  
  117  14:44  Marine  
  117  14:45  Marine, Siege Tank  
  119  14:48  Marauder  
  119  14:49  Marauder  
  119  14:51  Marine  
  119  14:52  SCV  
  119  14:53  Marine  
  119  14:55  Orbital Command  
  106  15:05  SCV  
  101  15:10  Marauder x2  
  101  15:11  Marine  
  101  15:12  Marine  
  101  15:14  Smart Servos  
  98  15:16  Siege Tank  
  98  15:17  SCV, Siege Tank  
  105  15:29  SCV  
  105  15:30  Barracks  
  105  15:31  Marauder x2  
  105  15:35  Barracks  
  110  15:36  Planetary Fortress  
  110  15:39  Barracks  
  110  15:40  Marine x2  
  110  15:41  SCV  
  113  15:53  Marauder x2  
  113  15:54  Barracks Tech Lab  
  102  16:07  Marine  
  102  16:08  Marine  
  95  16:14  Marauder x2  
  95  16:15  Marine  
  96  16:18  Barracks  
  96  16:23  Marine  
  96  16:24  Marine, Barracks  
  96  16:25  Marine x2  
  98  16:27  Raven, Barracks  
  98  16:29  Barracks  
  102  16:32  Marine  
  102  16:34  Barracks  
  102  16:35  SCV, Barracks, Marauder  
  102  16:36  Marauder  
  102  16:37  Factory  
  108  16:41  Marine, Terran Infantry Armor Level 2  
  108  16:42  Marine  
  108  16:43  Marine x2  
  112  16:47  SCV, Terran Infantry Weapons Level 3  
  112  16:50  Marine  
  112  16:53  Siege Tank  
  117  16:56  Marine  
  117  16:57  Marauder  
  117  16:59  Marine, SCV  
  117  17:00  Marine  
  117  17:01  Marine x2  
  123  17:02  Marine  
  123  17:08  Marine  
  126  17:11  SCV  
  126  17:14  Marine, Missile Turret, Barracks Tech Lab x2  
  126  17:15  Barracks Tech Lab  
  129  17:17  Marine x2  
  129  17:18  Marine  
  129  17:19  Marine x4  
  122  17:23  SCV  
  122  17:24  Marine x2  
  122  17:26  Marauder  
  130  17:33  Marauder  
  130  17:34  SCV  
  130  17:35  Marine x3  
  130  17:36  Marine x2, Marauder  
  130  17:37  Marine x2  
  139  17:39  Factory Tech Lab  
  139  17:40  Marine, Missile Turret  
  139  17:41  Marine x2  
  139  17:42  Marine  
  145  17:46  SCV  
  145  17:48  Marauder  
  145  17:52  Marine  
  145  17:53  Marine x2  
  145  17:54  Marine x3, Marauder  
  145  17:55  Marine  
  145  17:57  Marauder  
  145  17:58  Marine, SCV  
  156  17:59  Factory  
  156  18:02  Starport, Factory  
  156  18:03  Starport  
  158  18:08  Marine x3  
  158  18:09  Marauder  
  158  18:10  Marine, SCV  
  158  18:11  Marine x2  
  158  18:12  Marine x3  
  169  18:13  Marine  
  169  18:15  Marauder  
  169  18:16  Marine  
  169  18:18  Marine  
  175  18:22  SCV  
  178  18:27  Marauder  
  178  18:29  Marauder  
  178  18:31  Marauder  
  182  18:34  Marauder  
  182  18:37  Marauder  
  186  18:45  Marine, Marauder  
  186  18:46  Marine x2  
  167  18:48  Marauder  
  167  18:51  Marauder  
  167  18:52  Marauder  
  171  18:56  Marauder  
  171  18:58  Marauder  
  171  18:59  Marine  
  171  19:00  Marine x4  
  171  19:01  Siege Tank  
  163  19:03  Marine x2  
  163  19:04  Marine  
  163  19:06  Marauder  
  163  19:07  Terran Vehicle And Ship Armor Level 1  
  163  19:08  Factory Tech Lab x2  
  170  19:10  Marauder  
  170  19:12  Marauder  
  170  19:13  Marine  
  170  19:16  Marine  
  174  19:17  Marine  
  174  19:18  Marine x4, Armory  
  174  19:19  Marine  
  174  19:21  Marine x2  
  181  19:28  Marauder  
  181  19:29  Marine  
  185  19:31  Marauder x2  
  185  19:33  Marine, Siege Tank  
  185  19:35  Marine, Marauder  
  185  19:36  Marine  
  185  19:37  Marauder  
  192  19:40  Siege Tank  
  192  19:41  Marine, Siege Tank  
  192  19:42  Marine  
  200  19:50  Command Center  
  200  19:54  Missile Turret  
  200  19:55  Starport Tech Lab  
  200  19:56  Starport Tech Lab  
  153  20:24  Marine x3, Marauder  
  153  20:25  Marine, Marauder x3  
  153  20:26  Viking, Marauder  
  153  20:27  Viking  
  153  20:28  Medivac  
  173  20:29  Marine  
  173  20:30  Marine x4  
  173  20:35  Terran Infantry Armor Level 3  
  178  20:42  Marine x4  
  180  20:45  Marine x2  
  184  20:57  Raven, Medivac, Barracks  
  184  20:58  Marine, Barracks, Viking  
  184  20:59  Marine x2  
  184  21:01  Barracks  
  163  21:22  Marine x4, Marauder x2  
  163  21:23  Marauder x3  
  163  21:24  Marine, Marauder  
  167  21:29  Marine  
  167  21:30  Marine x2  
  170  21:39  Marine  
  159  21:40  Marine  
  159  21:44  Marauder  
  122  21:56  Marine  
  122  21:57  Marine x12  
  131  22:04  Marine  
  131  22:07  Barracks Reactor, Barracks Tech Lab  
  127  22:09  Barracks Reactor  
  127  22:14  Marine x2  
  127  22:15  Marine  
  124  22:27  Sensor Tower  
  124  22:39  Sensor Tower  
  124  22:44  Sensor Tower  
  124  22:47  Sensor Tower  
  124  22:50  Marine  
  131  22:54  Sensor Tower  
  130  22:58  Sensor Tower  
  130  23:00  Sensor Tower  
  130  23:02  Sensor Tower  
  130  23:04  Sensor Tower x2  
  142  23:10  Sensor Tower  
  142  23:11  Sensor Tower  
Show
View Real Time Build Order
Export as new Build Order

antagomiR Protoss 

Build Orders: 1 Gate Expand 

Get SALT Encoding   

  12  0:01  Probe  
  13  0:13  Probe  
  14  0:20  Pylon  
  14  0:25  Probe  
  15  0:38  Probe  
  15  0:42  Gateway  
  16  0:50  Probe (Chrono Boost)  
  16  0:54  Assimilator  
  17  0:59  Probe (Chrono Boost)  
  18  1:08  Probe  
  19  1:21  Probe  
  20  1:30  Cybernetics Core  
  20  1:33  Probe  
  21  1:43  Nexus  
  21  1:51  Probe  
  22  1:54  Pylon  
  22  2:03  Assimilator  
  22  2:04  Probe  
  23  2:11  Warp Gate (Chrono Boost)  
  23  2:16  Probe  
  23  2:19  Adept  
  26  2:32  Probe  
  27  2:47  Robotics Facility  
  27  2:50  Pylon  
  28  2:51  Probe  
  28  2:56  Probe  
  29  3:03  Probe  
  30  3:06  Gateway  
  30  3:08  Probe  
  30  3:12  Gateway  
  31  3:17  Stalker  
  29  3:46  Observer  
  32  4:13  Stalker  
  32  4:15  Stalker  
  36  4:20  Pylon  
  36  4:24  Pylon  
  36  4:30  Immortal  
  36  4:39  Zealot  
  38  4:48  Pylon  
  38  4:55  Probe  
  38  5:07  Sentry  
  38  5:08  Probe, Sentry  
  43  5:18  Nexus  
  43  5:34  Sentry  
  43  5:35  Stalker  
  47  5:40  Pylon  
  47  5:54  Robotics Bay  
  47  6:03  Stalker  
  49  6:05  Stalker x2  
  49  6:10  Shield Battery  
  53  6:11  Probe  
  50  6:23  Probe  
  47  6:29  Zealot x2  
  47  6:30  Zealot  
  49  6:35  Probe  
  49  6:37  Probe  
  51  6:47  Probe, Colossus  
  51  6:49  Probe  
  59  6:58  Stalker  
  59  6:59  Probe  
  59  7:01  Probe  
  62  7:12  Probe  
  62  7:13  Probe  
  64  7:19  Twilight Council  
  64  7:24  Probe  
  64  7:25  Probe  
  66  7:36  Probe, Sentry  
  69  7:37  Probe  
  69  7:38  Pylon  
  69  7:42  Pylon  
  70  8:02  Nexus  
  70  8:05  Colossus  
  70  8:10  Zealot  
  78  8:12  Charge (Chrono Boost)  
  78  8:20  Pylon  
  78  8:33  Sentry  
  80  8:36  Zealot x2  
  80  8:41  Probe x2  
  86  8:45  Assimilator  
  86  8:51  Shield Battery  
  86  8:53  Probe x2, Pylon  
  88  9:10  Colossus  
  94  9:23  Assimilator, Zealot  
  96  9:30  Probe x3, Pylon  
  99  9:33  Pylon  
  99  9:35  Shield Battery  
  99  9:42  Probe  
  100  9:48  Stalker x2  
  100  9:51  Zealot  
  106  10:04  Gateway x2  
  106  10:05  Probe  
  107  10:14  Zealot x2  
  107  10:19  Probe x2  
  107  10:20  Probe  
  114  10:30  Colossus  
  114  10:31  Probe  
  114  10:34  Probe x2  
  123  10:45  Pylon  
  123  11:01  Forge, Zealot x2  
  123  11:03  Forge  
  127  11:06  Probe x3, Pylon  
  130  11:18  Probe  
  127  11:36  Zealot  
  127  11:37  Zealot x4  
  137  11:48  Colossus  
  137  11:50  Extended Thermal Lance (Chrono Boost)  
  137  11:52  Protoss Ground Weapons Level 1 (Chrono Boost)  
  143  11:59  Protoss Ground Armor Level 1 (Chrono Boost)  
  142  12:09  Probe x3  
  145  12:20  Shield Battery  
  131  12:25  Zealot x4  
  131  12:26  Zealot  
  131  12:42  Colossus  
  126  12:59  Probe x3  
  129  13:06  Zealot  
  129  13:07  Zealot x4  
  129  13:11  Probe x2  
  141  13:15  Assimilator  
  141  13:16  Assimilator  
  141  13:25  Templar Archives  
  141  13:34  Probe x2  
  141  13:35  Probe  
  141  13:37  Colossus  
  138  13:46  Probe x2  
  140  13:53  Nexus  
  140  13:54  Pylon  
  140  13:57  Pylon  
  140  13:58  Probe  
  141  14:13  Probe x2  
  141  14:14  Gateway  
  141  14:15  Gateway  
  143  14:17  Gateway  
  143  14:21  Gateway  
  123  14:58  Nexus  
  111  15:04  Nexus  
  107  15:14  Pylon  
  95  15:16  Pylon  
  95  15:18  Pylon  
  95  15:19  Pylon  
  95  15:20  Zealot x5  
  95  15:21  Pylon, Zealot  
  107  15:39  Pylon  
  107  15:42  Pylon  
  83  16:16  Zealot x2  
  83  16:17  Zealot  
  83  16:18  Zealot  
  91  16:34  Pylon  
  91  16:36  Pylon  
  91  16:39  Shield Battery  
  91  16:40  Probe  
  91  16:41  Probe  
  93  16:48  Zealot  
  93  17:03  Sentry  
  93  17:04  Sentry x4  
  93  17:05  Zealot  
  88  17:39  Probe x2  
  88  17:40  Probe  
  91  17:51  Probe  
  91  17:52  Probe x2  
  94  18:03  Assimilator  
  94  18:04  Probe x3, Stalker x4  
  94  18:05  Assimilator  
  105  18:06  Zealot x3  
  105  18:07  Zealot  
  105  18:10  Protoss Ground Weapons Level 2 (Chrono Boost)  
  105  18:11  Protoss Ground Armor Level 2 (Chrono Boost)  
  113  18:17  Probe x2  
  113  18:18  Probe  
  116  18:29  Probe  
  117  18:37  Stargate  
  117  18:39  Stargate  
  117  18:48  Nexus  
  117  18:54  Zealot x2  
  117  18:55  Zealot x2  
  107  19:36  Colossus  
  109  19:43  Zealot  
  109  19:44  Zealot x4  
  119  19:45  High Templar  
  119  19:46  High Templar x3  
  119  19:51  Archon x2  
  127  20:11  Fleet Beacon  
  99  20:25  Zealot x5  
  109  20:29  Colossus  
  115  20:48  Zealot  
  115  20:49  High Templar x3  
  123  20:50  High Templar x4  
  123  20:51  High Templar  
  133  21:03  Archon  
  133  21:04  Archon x2  
  133  21:05  Archon  
  123  21:23  Colossus  
  108  21:30  Zealot x4  
  108  21:31  Zealot x3  
  108  21:32  Zealot  
  103  21:43  Zealot  
  82  21:59  Zealot x5  
  82  22:00  Zealot x2  
  94  22:03  Probe x2  
  82  22:15  Zealot x2  
  82  22:21  Probe x2  
  76  22:31  Zealot x2  
  76  22:33  Probe x2, High Templar  
  76  22:34  High Templar  
  86  22:44  Archon  
  78  22:45  Probe, Zealot x3  
Tags
 
Matchup
PvT
Replay Pack
20200422
Spawn Locations
Cross Positions
Add a new tag
Caveats
  • Supply blocks, unpowered buildings, or Contaminate may cause inaccurate times.
  • Supply counts are checked every 10 seconds.